 Dungeon Crawl Stone Soup version 0.18.1-47-g9310371 (webtiles) character file.

2466 mindo the Blocker (level 9, -1/70 HPs)
             Began as a Minotaur Fighter on June 16, 2016.
             Was a Follower of the Shining One.
             Killed from afar by Erolcha (8 damage)
             ... with a bolt of fire
             ... on level 8 of the Dungeon on June 17, 2016.
             The game lasted 00:44:49 (7221 turns).

mindo the Blocker (Minotaur Fighter)                Turns: 7221, Time: 00:44:50

Health: -1/70      AC: 24    Str: 21    XL:     9   Next: 26%
Magic:  8/8        EV:  7    Int:  8    God:    the Shining One [*.....]
Gold:   293        SH: 11    Dex: 12    Spells: 0 memorised, 8 levels left

rFire  . . .     SeeInvis +     a - +0 long sword
rCold  . . .     Gourm    .     E - +8 plate armour "Vestum" {Int+2 SInv}
rNeg   . . .     Faith    .     c - +0 shield
rPois  .         Spirit   .     (helmet restricted)
rElec  .         Dismiss  .     (no cloak)
rCorr  .         Reflect  .     I - +0 pair of gloves
SustAt .         Harm     .     z - +0 pair of boots
MR     .....                    (no amulet)
Stlth  ..........               (no ring)
                                G - ring of stealth

@: glowing, not resistant to hostile enchantments, extremely unstealthy
A: retaliatory headbutt, horns 2, frail 1
a: Renounce Religion


You were on level 8 of the Dungeon.
You worshipped the Shining One.
The Shining One was aware of your devotion.
You were not hungry.

You visited 2 branches of the dungeon, and saw 9 of its levels.

You collected 293 gold pieces.

Inventory:

Hand Weapons
 a - a +0 long sword (weapon)
Armour
 b - a +0 scale mail
 c - a +0 shield (worn)
 d - a +0 scale mail of magic resistance
 z - a +0 pair of boots (worn)
 E - the +8 plate armour "Vestum" (worn) {Int+2 SInv}
   (You found it on level 5 of the Dungeon)

   It affects your intelligence (+2).
   It lets you see invisible.
 I - a +0 pair of gloves (worn)
Magical Staves
 B - a cursed staff of conjuration {unknown}
Jewellery
 G - a ring of stealth (left hand)
Wands
 f - a wand of lightning (9/15)
 v - a wand of enslavement (18/24)
 w - a wand of disintegration (5/24)
 x - a wand of slowing (18/48)
Scrolls
 e - 3 scrolls of enchant armour {unknown}
 h - 5 scrolls of identify
 i - 7 scrolls of enchant weapon {unknown}
 k - 5 scrolls of remove curse {unknown}
 o - 3 scrolls of blinking {unknown}
 q - 4 scrolls of teleportation {unknown}
 r - a scroll of random uselessness {unknown}
 t - 3 scrolls of magic mapping {unknown}
 u - a scroll of recharging {unknown}
 y - a scroll of noise {unknown}
 A - a scroll of fear {unknown}
 D - a scroll of amnesia {unknown}
 F - 3 scrolls of immolation {unknown}
Potions
 j - a potion of resistance {unknown}
 m - a potion of magic
 n - a potion of flight {unknown}
 p - a potion of heal wounds {unknown}
 C - a potion of haste {unknown}
Books
 s - a book of Conjurations

   Spells                             Type                      Level
   a - Magic Dart                     Conjuration                  1
   b - Searing Ray                    Conjuration                  2
   c - Dazzling Spray                 Conjuration/Hexes            3
   d - Fulminant Prism                Conjuration/Hexes            4
   e - Iskenderun's Mystic Blast      Conjuration                  4
   f - Iskenderun's Battlesphere      Conjuration/Charms           5
Comestibles
 g - a meat ration
 l - 2 beef jerkies
 J - a bread ration


   Skills:
 + Level 6.8 Fighting
 + Level 6.9 Long Blades
 + Level 8.5 Armour
 + Level 4.1 Dodging
 - Level 0.6 Stealth
 + Level 8.8 Shields
 + Level 0.1 Evocations


You had 8 spell levels left.
You didn't know any spells.

Dungeon Overview and Level Annotations

Branches:
Dungeon (8/15)             Temple (1/1) D:7
   Lair: D:8-11

Altars:
Cheibriados
Gozag
Okawaru
Sif Muna
Vehumet
The Shining One

Annotations:
D:8 Erolcha


Innate Abilities, Weirdness & Mutations

You reflexively headbutt those who attack you in melee.
You have a pair of horns on your head.
You are frail (-10% HP).


Message History

You hit Erolcha but do no damage.
Erolcha is severely wounded.
Erolcha casts a spell at you. The bolt of cold hits you!
* * * LOW HITPOINT WARNING * * *
You slash Erolcha!
Erolcha is severely wounded.
You block Erolcha's attack.
You feel better.
Zapping:
w - a wand of disintegration (6/24)
Press: ? - help, Shift-Dir - straight line, f/p - Erolcha
Aim: Erolcha, wielding a giant spiked club, wearing a robe and carrying a wand of paralysis {zapped: 4} (severely wounded, haloed, chance to defeat MR: 30%) Erolcha easily resists.
This wand has 5 charges left.
Erolcha points at you and mumbles some strange words.
The bolt of fire hits you!
* * * LOW HITPOINT WARNING * * *
Erolcha screams, "Lunch!"
Erolcha casts a spell at you. The bolt of fire hits you!
You die...

#..# ..# ... ... ### #
... ######## .? .
.......###########.#...?
######........O.@.......
.# #############.#....
..# # . .... #.... .....
.....


You could see Erolcha.

Vanquished Creatures
  Pikel (D:7)
  Sigmund (D:4)
  A hungry ghost (D:7)
  A sky beast (D:5)
  A phantom (D:7)
  2 slaves (D:7)
  A wasp (D:8)
  An ogre (D:7)
  2 giant frogs
  Blork the orc (D:5)
  3 scorpions
  The ghost of mindo the Covered, a weakling MiFi (D:4)
  A jelly (D:5)
  5 wights (D:6)
  A crimson imp (D:5)
  A giant frog zombie (D:6)
  2 centaur skeletons
  2 orc priests (D:7)
  2 hounds (D:4)
  3 orc wizards (D:4)
  Jessica (D:3)
  2 worker ants
  2 iguanas
  A howler monkey zombie (D:7)
  3 gnolls (D:6)
  10 adders
  An ooze (D:1)
  2 adder skeletons
  An adder zombie (D:7)
  A worm (D:2)
  A dart slug (D:4)
  5 giant geckos
  20 orcs
  7 giant cockroaches
  5 goblins
  7 hobgoblins
  2 jackals (D:6)
  2 quokkas
  3 ball pythons
  6 bats
  6 giant newts
  A jackal skeleton (D:7)
  6 kobolds
  A quokka skeleton (D:5)
  3 rats
132 creatures vanquished.

Vanquished Creatures (others)
  An ogre (D:6)
  A butterfly (D:7)
2 creatures vanquished.

Grand Total: 134 creatures vanquished

Notes
Turn   | Place    | Note
--------------------------------------------------------------
     0 | D:1      | mindo the Minotaur Fighter began the quest for the Orb.
     0 | D:1      | Reached XP level 1. HP: 19/19 MP: 0/0
   234 | D:1      | Reached XP level 2. HP: 27/27 MP: 1/1
   790 | D:2      | Reached XP level 3. HP: 29/33 MP: 2/2
  1503 | D:3      | Reached skill level 1 in Dodging
  1530 | D:3      | Noticed Jessica
  1536 | D:3      | Killed Jessica
  1536 | D:3      | Reached XP level 4. HP: 36/41 MP: 3/3
  1552 | D:3      | Found a faded altar to an unknown god.
  1711 | D:3      | Found an iron altar of Okawaru.
  2305 | D:4      | Reached skill level 5 in Armour
  2305 | D:4      | Reached XP level 5. HP: 39/47 MP: 4/4
  2574 | D:4      | Noticed mindo's ghost (weakling MiFi)
  2586 | D:4      | Killed mindo's ghost
  2586 | D:4      | Reached skill level 5 in Shields
  2602 | D:4      | Reached XP level 6. HP: 38/53 MP: 5/5
  3044 | D:4      | Reached skill level 5 in Fighting
  3077 | D:4      | Noticed Sigmund
  3083 | D:4      | Killed Sigmund
  3083 | D:4      | Reached XP level 7. HP: 60/61 MP: 6/6
  3292 | D:5      | Entered Level 5 of the Dungeon
  3919 | D:5      | Gained mutation: You are frail (-10% HP). [mutagenic meat]
  4377 | D:5      | Noticed Blork the orc
  4389 | D:5      | Killed Blork the orc
  4716 | D:5      | Got a brightly glowing plate armour
  4717 | D:5      | Identified the +8 plate armour "Vestum" {Int+2 SInv} (You found it on level 5 of the Dungeon)
  5244 | D:6      | Reached XP level 8. HP: 59/63 MP: 7/7
  5342 | D:6      | Reached skill level 5 in Long Blades
  5926 | D:7      | Found a staircase to the Ecumenical Temple.
  6024 | Temple   | Entered the Ecumenical Temple
  6171 | Temple   | Became a worshipper of the Shining One
  6722 | D:7      | Noticed Pikel
  6804 | D:7      | Killed Pikel
  6804 | D:7      | Reached XP level 9. HP: 38/70 MP: 8/8
  6971 | D:7      | Reached * piety under the Shining One
  7184 | D:8      | Noticed Erolcha
  7203 | D:8      | Paralysed by Erolcha for 7 turns
  7211 | D:8      | HP: 2/70 [Erolcha/bolt of cold (27)]
  7221 | D:8      | Killed from afar by Erolcha

Skill      XL: |  1  2  3  4  5  6  7  8 |
---------------+-------------------------+-----
Fighting       | 4 5 6 |  6.8
Armour         | 4 5 6 8 |  8.5
Shields        | 4 5 6 8 |  8.8
Dodging        | 1 2 3 4 |  4.1
Long Blades    | 3 4 6 |  6.9
Stealth        | |  0.6
Evocations     | |  0.1

Action                   |  1- 3 |  4- 6 |  7- 9 || total
-------------------------+-------+-------+-------++-------
Melee: Long sword        |    82 |   142 |   304 ||   528
       Headbutt          |     7 |    13 |    55 ||    75
Evoke: Wand              |       |       |     7 ||     7
  Use: Potion            |       |     2 |     5 ||     7
       Scroll            |       |       |     5 ||     5
  Eat: Meat ration       |     1 |       |       ||     1
       Bread ration      |       |     1 |     4 ||     5
       Beef jerky        |       |       |     1 ||     1
       Chunk             |       |       |     1 ||     1
Armor: Scale mail        |    48 |    43 |    28 ||   119
       Plate armour      |       |       |   154 ||   154
Dodge: Dodged            |    32 |    42 |    70 ||   144
Block: Shield            |    46 |    82 |   188 ||   316
